 Dungeon Crawl Stone Soup version 0.29.0-4-gdea44cf6ec (webtiles) character file.

Game seed: 10854413550446119770

54 qw the Chopper (level 3, -1/21 HPs)
             Began as a Tengu Warper on Aug 28, 2022.
             Slain by a jelly (2 damage)
             ... on level 2 of the Dungeon.
             The game lasted 00:00:08 (1473 turns).

qw the Chopper (Tengu Warper)                       Turns: 1473, Time: 00:00:08

Health: -1/21      AC:  2    Str: 13    XL:     3   Next: 91%
Magic:  7/7        EV:  9    Int: 13    God:
Gold:   93         SH:  0    Dex: 13    Spells: 6/6 levels left

rFire   . . .      SeeInvis .   Y - +1 hand axe
rCold   . . .      Faith    .   (no shield)
rNeg    . . .      Spirit   .   e - +0 scale mail
rPois   .          Reflect  .   (helmet restricted)
rElec   .          Harm     .   (no cloak)
rCorr   .          Rampage  .   (no gloves)
Will    .....                   (boots unavailable)
Stlth   ..........              (no amulet)
HPRegen 0.07/turn               (no ring)
MPRegen 0.10/turn               (no ring)

@: corroded
A: beak, talons 3
a: no special abilities


You were on level 2 of the Dungeon.
You visited 1 branch of the dungeon, and saw 2 of its levels.

You collected 93 gold pieces.


Innate Abilities, Weirdness & Mutations

You have a beak for a mouth.
You have claws for feet.


   Skills:
 - Level 2.0 Fighting
 + Level 4.5 Axes
 - Level 1.0 Throwing
 - Level 1.1 Armour
 - Level 2.1 Dodging
 - Level 2.0 Spellcasting
 - Level 2.4 Translocations


You had 6 spell levels left.
You didn't know any spells.
Your spell library contained the following spells:

 Spells                   Type           Power      Damage    Failure   Level
 Blink                    Tloc           14%        N/A       56%         2
 Gell's Gravitas          Tloc           7%         N/A       80%         3
 Lesser Beckoning         Tloc           7%         N/A       80%         3
 Teleport Other           Tloc           7%         N/A       80%         3
 Manifold Assault         Tloc           7%         N/A       100%        5

Inventory:

Hand Weapons
 f - a +0 club
 Y - a +1 hand axe (weapon)
Armour
 e - a +0 scale mail (worn)
Scrolls
 a - 3 scrolls of butterflies {unknown}
 c - a scroll of identify
Potions
 b - a potion of curing {unknown}
 d - a potion of flight {unknown}
 i - 3 potions of heal wounds {unknown}
 k - a potion of haste {unknown}

Dungeon Overview and Level Annotations

Branches:
Dungeon (2/15)

Altars:


Message History

The adder is lightly wounded.
The adder bites you but does no damage.
You hit the adder. Your peck misses the adder.
The adder is heavily wounded.
The adder bites you. The adder barely misses you.
You barely miss the adder. Your kick misses the adder.
Your peck misses the adder. You punch the adder.
The adder is heavily wounded.
The adder bites you.
You are poisoned.
The adder poisons you!
You hit the adder. You claw the adder.
You kill the adder!
You feel sick.
You start resting.
You feel sick. x5
You are no longer poisoned.
HP restored.
A jelly comes into view.
Found a stone staircase leading down.
The jelly quivers.
You hit the jelly but do no damage.
Your hands burn!
The jelly hits you but does no damage.
You hit the jelly.
Your hands burn!
You claw the jelly.
The jelly is heavily wounded.
The jelly hits you but does no damage.
You slash the jelly! The acid corrodes you!
Your hands burn!
The jelly is almost dead.
The jelly closely misses you.
You completely miss the jelly.
The jelly is almost dead.
The jelly completely misses you.
You hit the jelly but do no damage.
Your hands burn!
You claw the jelly, but do no damage.
The jelly is almost dead.
The jelly hits you.
You are splashed with acid!
You barely miss the jelly. You peck the jelly, but do no damage.
The jelly is almost dead.
The jelly hits you.
You die...

#..#........###
...#..................>.
##.#.......####........[
...#.......# #..$......
####.......# #.........
#.......# #.........
#.......# #.........
#.......# #.J.......
####.####.## #.@.......
......# #^# #..######.
......# #.# #..# ......#
#.#####..######
####.####.##............
#....#.##............
#....%...............
#....#.##....#######.
#....#.....#.....


You could see a jelly.

Vanquished Creatures
  2 adders (D:2)
  A dart slug (D:2)
  3 ball pythons
  5 endoplasms
  3 giant cockroaches
  A hobgoblin (D:1)
  2 quokkas (D:1)
  5 bats
  A frilled lizard (D:1)
  3 goblins
  4 kobolds
  4 rats (D:1)
34 creatures vanquished.

Notes
Turn   | Place    | Note
-------+----------+-------------------------------------------
     0 | D:1      | qw the Tengu Warper began the quest for the Orb.
     0 | D:1      | Reached XP level 1. HP: 12/12 MP: 4/4
     0 | D:1      | 0 ||| qw: Version: 0.1-a-89-g26bdef1
     0 | D:1      | 0 ||| qw: Game counter: 3415
     0 | D:1      | 0 ||| qw: Always use a shield: true
     0 | D:1      | 0 ||| qw: God list: Okawaru
     0 | D:1      | 0 ||| qw: Allow faded altars: false
     0 | D:1      | 0 ||| qw: Do Orc after D:15 true
     0 | D:1      | 0 ||| qw: Do second Lair branch before Depths: true
     0 | D:1      | 0 ||| qw: Lair rune preference: random
     0 | D:1      | 0 ||| qw: Plans: Normal
     0 | D:1      | 0 ||| PLANNING D:1-11
   123 | D:1      | 123 ||| Stepping ~*~*~tactically~*~*~ (stealth).
   127 | D:1      | Reached skill level 3 in Axes
   127 | D:1      | Reached XP level 2. HP: 17/17 MP: 6/6
   128 | D:1      | 128 ||| Stepping ~*~*~tactically~*~*~ (stealth).
   384 | D:1      | Found a faded altar of an unknown god.
   647 | D:1      | 647 ||| Stepping ~*~*~tactically~*~*~ (stealth).
   650 | D:1      | 650 ||| Stepping ~*~*~tactically~*~*~ (stealth).
   652 | D:1      | 652 ||| Stepping ~*~*~tactically~*~*~ (stealth).
   661 | D:1      | 661 ||| Stepping ~*~*~tactically~*~*~ (stealth).
   722 | D:1      | Reached XP level 3. HP: 21/21 MP: 7/7
   791 | D:1      | 791 ||| UPGRADING to +0 scale mail.
   801 | D:1      | 801 ||| DROPPING +0 leather armour.
   802 | D:1      | 802 ||| READING scroll labelled UFUTHOHANECA.
   803 | D:1      | 803 ||| READING scroll labelled RAUXIVV ZOEVI.
   804 | D:1      | 804 ||| READING scroll labelled ADWECO GUUZUEMI.
   805 | D:1      | 805 ||| DROPPING scroll of blinking.
  1185 | D:2      | Reached skill level 4 in Axes
  1285 | D:2      | 1285 ||| Stepping ~*~*~tactically~*~*~ (hiding).
  1290 | D:2      | 1290 ||| Stepping ~*~*~tactically~*~*~ (stealth).
  1295 | D:2      | 1295 ||| Stepping ~*~*~tactically~*~*~ (stealth).
  1472 | D:2      | HP: 1/21 [acid (8)]
  1473 | D:2      | Slain by a jelly

Levels and vault maps discovered:
D:1:      dpeg_arrival_solitude, layout_loops_cross, basic_ecumenical_altar
D:2:      layout_basic, grunt_decor_fettered

Skill      XL: |  1  2  3 |
---------------+----------+-----
Axes           | 3 4 |  4.5
Fighting       | |  2.0
Throwing       | |  1.0
Armour         | |  1.1
Dodging        | |  2.1
Spellcasting   | |  2.0
Translocations | |  2.4

Action                   || total
-------------------------++-------
Melee: Hand axe          ||    76
       Peck              ||    14
       Kick              ||    19
       Punch             ||     1
Throw: Boomerang         ||     7
  Use: Scroll            ||     3
Armor: Leather armour    ||    12
       Scale mail        ||    18
Dodge: Dodged            ||    32

Table legend:
 A = Non-vault XP
 B = Vault XP
 C = Vault XP percentage of total XP
 D = Non-vault monster count
 E = Vault monster count
 F = Vault count percentage of total count
                 A         B        C        D         E       F
            +---------+---------+-------+---------+---------+-------
      Total |      78 |       0 |   0.0 |      34 |       0 |   0.0
            +---------+---------+-------+---------+---------+-------
        D:1 |      36 |       0 |   0.0 |      24 |       0 |   0.0
        D:2 |      42 |       0 |   0.0 |      10 |       0 |   0.0
            +---------+---------+-------+---------+---------+-------
